 Dungeon Crawl Stone Soup version 0.19-a0-683-g5f2401d (webtiles) character file.

263 Geppetto the Changer (level 5, 24/24 HPs)
             Began as a Felid Transmuter on June 17, 2016.
             Was a Follower of Okawaru.
             Quit the game on level 6 of the Dungeon.
             The game lasted 00:33:11 (6859 turns).

Geppetto the Changer (Felid Transmuter)             Turns: 6859, Time: 00:33:12

Health: 24/24      AC:  2    Str:  6    XL:     5   Next: 97%
Magic:  9/9        EV: 20    Int: 15    God:    Okawaru [*.....]
Gold:   214        SH:  0    Dex: 18    Spells: 4 memorised, 0 levels left
                                        Lives:  0   Deaths: 2

rFire  . . .     SeeInvis +       - Unarmed
rCold  . . .     Gourm    .     (armour unavailable)
rNeg   . . .     Faith    .     (shield unavailable)
rPois  +         Spirit   .     (helmet unavailable)
rElec  .         Dismiss  .     (cloak unavailable)
rCorr  .         Reflect  .     (gloves unavailable)
SustAt .         Harm     .     (boots unavailable)
MR     .....                    a - amulet of regeneration
Stlth  +++.......               (no ring)
                                i - ring of poison resistance

@: quick, not resistant to hostile enchantments, fairly stealthy
A: no armour, no weapons or thrown items, claws 1, fangs 3, see invisible,
carnivore 3, speed 1, shaggy fur 2, slow metabolism 1, sharp paws
a: Heroism, Renounce Religion


You were on level 6 of the Dungeon.
You worshipped Okawaru.
Okawaru was aware of your devotion.
You were not hungry.

You visited 1 branch of the dungeon, and saw 6 of its levels.

You collected 309 gold pieces.
You spent 95 gold pieces at shops.

Inventory:

Missiles
 n - 28 arrows
Jewellery
 a - an amulet of regeneration (around neck)
 i - a ring of poison resistance (left paw)
Wands
 q - a wand of acid (15/15)
Scrolls
 e - a scroll of amnesia
 k - a scroll of recharging
 r - 2 scrolls of remove curse
 t - a scroll of teleportation
 u - a scroll of blinking
Potions
 d - a potion of agility
 f - 2 potions of resistance
 g - a potion of magic
 h - 3 potions of heal wounds
 j - a potion of brilliance
 l - a potion of haste
 m - 2 potions of lignification
 o - a potion of flight {unknown}
 p - a potion of ambrosia {unknown}
Books
 b - a book of Changes

   Spells                             Type                      Level
   a - Beastly Appendage              Transmutation                1
   b - Sticks to Snakes               Transmutation                2
   c - Spider Form                    Transmutation/Poison         3
   d - Ice Form                       Ice/Transmutation            4
   e - Blade Hands                    Transmutation                5
 s - a book of Party Tricks

   Spells                             Type                      Level
   a - Summon Butterflies             Summoning                    1
   b - Apportation                    Translocation                1
   c - Tukima's Dance                 Hexes                        3
   d - Alistair's Intoxication        Transmutation/Poison         5
   e - Invisibility                   Hexes                        6
Comestibles
 c - 4 meat rations


   Skills:
 - Level 3.0 Fighting
 + Level 4.5 Dodging
 - Level 2.6 Stealth
 - Level 4.0 Unarmed Combat
 - Level 2.0 Spellcasting
 * Level 7.0 Transmutations
 - Level 3.1 Poison Magic
 + Level 1.5 Invocations


You couldn't memorise any spells.
You knew the following spells:

 Your Spells              Type           Power        Failure   Level  Hunger
a - Beastly Appendage     Tmut           ###...       1%          1    #......
b - Sticks to Snakes      Tmut           ###.....     1%          2    ###....
c - Spider Form           Tmut/Pois      ###.......   10%         3    ###....
d - Ice Form              Ice/Tmut       ##......     54%         4    #####..


Dungeon Overview and Level Annotations

Branches:
Dungeon (6/15)
 Temple: D:4-7

Altars:
Kikubaaqudgha
Okawaru
Qazlal
Sif Muna
Trog
Xom
The Shining One

Shops:
D:4 :   D:5 (   D:6 ?


Innate Abilities, Weirdness & Mutations

You cannot wear armour.
You are incapable of wielding weapons or throwing items.
You have sharp claws.
You have razor-sharp teeth.
You have supernaturally acute eyesight. (SInv)
You are carnivorous and can eat meat at any time.
You cover ground quickly.
You are covered in thick fur. (AC +2)
You have a slow metabolism.
Your sharp claws are effective at attacking unaware monsters.


Message History

Your adder bites the wyvern zombie but does no damage.
The wyvern zombie bites your adder!
Your adder dies!
Casting: Sticks to Snakes
Confirm with . or Enter, or press ? or * to list all spells.
You turn into a venomous arachnid creature.
You hit the wyvern zombie. The wyvern zombie bites you.
The wyvern zombie bites you!
You completely miss the wyvern zombie.
Your transformation is almost over.
The wyvern zombie completely misses you.
You hit the wyvern zombie. The wyvern zombie bites you!
* * * LOW HITPOINT WARNING * * *
The wyvern zombie bites you!
You die...
Your shape twists and changes as you die.
You are now level 5!
Your transformation has ended.
You rejoin the land of the living...
Are you sure you want to abandon this character and quit the game? (Confirm with "yes".)

#.............#
#..........#..###### #
#..##..##........[..
.##..##..#..........##
...............#.##...#
#>##..##...##.##.......
#.##..##...##.##.##.)>#
#.##.............###.##
#.#...@.......##.# #.#
##....###...#####.# #.#
######....## #<........###.##
..........####..########.....
#####..........# #.####
##.#.#####.# #.# #.#.# #.#
#[# ##.#.# #.# #.#
####....#####.########'###


There were no monsters in sight!

Vanquished Creatures
  A sky beast (D:5)
  A phantom (D:6)
  A giant frog (D:6)
  Blork the orc (D:4)
  3 scorpions
  A howler monkey (D:5)
  A hound (D:6)
  4 jellies
  A centaur skeleton (D:6)
  Natasha (twice) (D:3)
  A worker ant (D:6)
  An orc wizard (D:5)
  6 adders
  2 oozes
  4 worms
  A dart slug (D:1)
  3 giant geckos
  16 orcs
  A ball python (D:2)
  3 bats
  A bat zombie (D:3)
  2 giant cockroaches
  10 goblins
  5 hobgoblins
  5 jackals
  5 kobolds
  3 quokkas (D:3)
  8 giant newts
  7 rats
100 creatures vanquished.

Vanquished Creatures (collateral kills)
  An orc priest (D:3)
  Terence (D:2)
  Natasha (D:3)
  2 adders (D:2)
  An ooze (D:2)
  A worm (D:2)
  An orc (D:3)
  A hobgoblin (D:2)
  A kobold (D:2)
10 creatures vanquished.

Grand Total: 110 creatures vanquished

Notes
Turn   | Place    | Note
--------------------------------------------------------------
     0 | D:1      | Geppetto the Felid Transmuter began the quest for the Orb.
     0 | D:1      | Reached XP level 1. HP: 9/9 MP: 4/4
   314 | D:1      | Reached XP level 2. HP: 13/13 MP: 4/6
   397 | D:1      | Reached skill level 1 in Stealth
   414 | D:1      | Learned a level 2 spell: Sticks to Snakes
  1045 | D:1      | Reached XP level 3. HP: 16/16 MP: 5/7
  1338 | D:1      | Learned a level 3 spell: Spider Form
  1555 | D:2      | Found an iron altar of Okawaru.
  1690 | D:2      | Noticed Terence
  1709 | D:2      | Killed Terence
  1709 | D:2      | Reached skill level 3 in Transmutations
  1709 | D:2      | Reached XP level 4. HP: 17/20 MP: 1/8
  1802 | D:2      | Found a deep blue altar of Sif Muna.
  2437 | D:2      | Became a worshipper of Warmaster Okawaru
  2866 | D:3      | Noticed Natasha
  2882 | D:3      | Killed Natasha
  3035 | D:3      | Noticed Natasha
  3051 | D:3      | Killed Natasha
  3051 | D:3      | Reached skill level 1 in Poison Magic
  3051 | D:3      | Reached XP level 5. HP: 8/24 MP: 2/9
  3455 | D:3      | Reached skill level 4 in Transmutations
  3604 | D:3      | Found an ancient bone altar of Kikubaaqudgha.
  3961 | D:3      | Found a bloodstained altar of Trog.
  4217 | D:3      | Noticed Natasha
  4229 | D:3      | Killed Natasha
  4490 | D:4      | Noticed Blork the orc
  4529 | D:4      | Found Asuasirph's Book Shoppe.
  4558 | D:4      | Noticed a phantom
  4607 | D:4      | Gained mutation: You are covered in thick fur. (AC +2) [Felid growth]
  4607 | D:4      | Reached XP level 6. HP: 23/28 MP: 8/10
  4835 | D:4      | Killed Blork the orc
  5070 | D:4      | Reached skill level 5 in Transmutations
  5525 | D:5      | Entered Level 5 of the Dungeon
  5525 | D:5      | Found a glowing golden altar of the Shining One.
  5764 | D:5      | Reached XP level 7. HP: 28/31 MP: 7/11
  5844 | D:5      | Found Qishrol's Weapon Boutique.
  5858 | D:5      | Found a shimmering altar of Xom.
  5945 | D:5      | Reached * piety under Okawaru
  5945 | D:5      | Reached skill level 6 in Transmutations
  6424 | D:6      | Reached skill level 1 in Invocations
  6529 | D:6      | Learned a level 4 spell: Ice Form
  6535 | D:6      | Found Cexzy's Magic Scroll Shop.
  6540 | D:6      | Bought a scroll of blinking for 75 gold pieces
  6540 | D:6      | Bought a scroll of identify for 20 gold pieces
  6641 | D:6      | Found a stormy altar of Qazlal.
  6774 | D:6      | Reached skill level 7 in Transmutations
  6779 | D:6      | Slain by a wyvern zombie
  6780 | D:6      | Reached XP level 6. HP: 0/28 MP: 9/10
  6858 | D:6      | Slain by a wyvern zombie
  6859 | D:6      | Reached XP level 5. HP: -2/24 MP: 2/9
  6859 | D:6      | Quit the game

Vault maps used:
D:1:      roderic_crop_circles_arrival_small
D:2:      lemuel_blue_sif_altar, old_standard_altar, minmay_misc_feat_square,
          uniq_terence
D:3:      lemuel_zombie_altar_kikubaaqudgha, lightli_temple_of_fire,
          first_bread, hex_tiny, uniq_natasha
D:4:      serial_shops, shop, uniq_blork_the_orc
D:5:      kennysheep_mini_moat, lemuel_round_altar, serial_shops, shop,
          minmay_crystal_water
D:6:      grunt_qazlal_clouds, serial_shops, kennysheep_little_box

Skill      XL: |  1  2  3  4  5  6  7 |
---------------+----------------------+-----
Fighting       | 2 3 |  3.0
Stealth        | 1 2 |  2.6
Transmutations | 3 4 5 7 |  7.0
Poison Magic   | 1 2 3 |  3.1
Unarmed Combat | 4 |  4.0
Dodging        | 4 |  4.5
Invocations    | 1 |  1.5
Spellcasting   | |  2.0

Action                   |  1- 3 |  4- 6 |  7- 9 || total
-------------------------+-------+-------+-------++-------
Melee: Unarmed           |    82 |   222 |    77 ||   381
       Headbutt          |    16 |    17 |       ||    33
       Bite              |     8 |    10 |       ||    18
       Punch             |     1 |     1 |       ||     2
 Cast: Beastly Appendage |    26 |    31 |       ||    57
       Sticks to Snakes  |     5 |    29 |       ||    34
       Spider Form       |       |    17 |    12 ||    29
Invok: Heroism           |       |       |     1 ||     1
  Use: Scroll            |     6 |     4 |     7 ||    17
 Stab: Sleeping          |     4 |     8 |     1 ||    13
  Eat: Chunk             |    10 |    12 |     3 ||    25
Armor: Skin              |     2 |     7 |     2 ||    11
Dodge: Dodged            |    54 |   145 |    60 ||   259
